Map: Proxima Station LE

Players

教主

  • Race: Zerg Zerg
  • League: Diamond
  • Spawn Location: 1:00

TheMagician - Winner!

  • Race: Protoss Protoss
  • League: Diamond
  • Spawn Location: 7:00

VOD

Have the link to the VOD?

Description

Time

  • Played on: March 18, 2017, 9:12 p.m.
  • Length: 15:40
Show
View Real Time Build Order
Export as new Build Order

教主 Zerg 

Build Orders: Pool First 

Get SALT Encoding   

  12  0:18  Spawning Pool  
  11  0:22  Drone  
  11  0:26  Drone  
  13  0:30  Drone  
  14  0:40  Overlord  
  14  1:05  Zergling x4  
  14  1:06  Zergling x2  
  17  1:19  Hatchery  
  17  1:23  Drone  
  17  1:29  Drone  
  18  1:38  Drone  
  19  1:59  Hatchery  
  18  2:05  Drone x2  
  19  2:17  Drone  
  20  2:29  Queen  
  20  2:30  Extractor  
  20  2:33  Overlord  
  20  2:35  Drone x2  
  23  2:43  Drone x2  
  25  2:54  Drone x2, Queen  
  29  3:11  Spore Crawler  
  28  3:22  Drone  
  28  3:23  Drone  
  30  3:40  Drone x3  
  30  3:41  Drone x3  
  36  3:52  Lair  
  36  3:57  Overlord  
  36  4:04  Overlord  
  36  4:13  Overlord  
  36  4:19  Drone  
  36  4:22  Extractor  
  36  4:23  Extractor  
  36  4:24  Drone x6  
  36  4:25  Extractor  
  36  4:27  Drone x2  
  42  4:34  Drone  
  42  4:35  Drone x2  
  42  4:38  Drone  
  46  4:42  Drone  
  47  4:50  Spore Crawler, Drone x2  
  48  4:59  Spine Crawler  
  47  5:03  Overlord x2  
  47  5:06  Drone x2  
  49  5:15  Spire  
  49  5:17  Drone x3  
  51  5:25  Overlord  
  51  5:28  Spine Crawler, Drone x2  
  51  5:29  Drone  
  51  5:34  Drone  
  54  5:35  Spine Crawler  
  53  6:10  Hatchery  
  52  6:24  Hatchery  
  51  6:27  Mutalisk x6  
  51  6:28  Mutalisk x4  
  51  6:30  Mutalisk  
  73  6:38  Spine Crawler  
  72  6:40  Overlord  
  72  6:41  Overlord x2  
  72  6:44  Metabolic Boost  
  72  6:50  Mutalisk  
  74  7:05  Mutalisk  
  76  7:36  Spore Crawler  
  71  7:37  Spore Crawler  
  71  7:39  Mutalisk  
  71  7:40  Mutalisk x2  
  71  7:43  Zergling x16  
  84  8:17  Spore Crawler  
  84  8:18  Spore Crawler  
  84  8:19  Spore Crawler  
  79  8:44  Spire  
  78  8:49  Queen  
  71  8:56  Zergling x2  
  51  9:07  Zergling x22  
  51  9:09  Queen  
  54  9:10  Drone  
  55  9:26  Hatchery  
  55  9:27  Evolution Chamber  
  55  9:28  Drone x2, Evolution Chamber  
  55  9:29  Drone x5  
  59  9:44  Overlord x2  
  59  9:55  Baneling Nest, Zerg Melee Weapons Level 1, Zerg Ground Armor Level 1  
  57  10:00  Zergling x24  
  56  10:15  Corruptor  
  56  10:16  Corruptor  
  56  10:17  Corruptor  
  62  10:23  Corruptor  
  64  10:33  Corruptor  
  66  10:38  Drone  
  66  10:39  Drone  
  66  11:05  Corruptor x2  
  70  11:22  Overlord  
  70  11:23  Overlord x2  
  60  11:57  Corruptor x4  
  66  12:02  Corruptor  
  66  12:03  Corruptor x5  
  70  12:17  Centrifical Hooks  
  70  12:36  Baneling x16  
  70  12:37  Baneling x4  
  68  13:25  Hatchery  
  67  13:28  Zergling x2  
  67  13:30  Overlord x3  
  58  13:58  Zergling x12  
  64  14:14  Zergling x4  
  66  14:24  Zergling x4  
  67  14:30  Zergling x2  
  68  14:50  Zergling x2  
  68  14:51  Zergling x4  
  71  14:54  Zergling x4  
  73  15:05  Zergling x2  
  73  15:06  Zergling x2  
  73  15:21  Zergling x2  
Show
View Real Time Build Order
Export as new Build Order

TheMagician Protoss - Winner!

Build Orders:  

Get SALT Encoding   

  12  0:01  Probe (Chrono Boost)  
  13  0:11  Probe (Chrono Boost)  
  14  0:22  Probe (Chrono Boost), Pylon  
  15  0:41  Probe (Chrono Boost)  
  16  0:44  Gateway  
  16  0:47  Forge  
  16  0:51  Probe (Chrono Boost)  
  17  1:04  Probe (Chrono Boost)  
  18  1:14  Probe (Chrono Boost)  
  19  1:25  Gateway, Photon Cannon  
  19  1:31  Assimilator  
  19  1:36  Assimilator  
  19  1:55  Nexus  
  19  2:00  Probe (Chrono Boost)  
  20  2:12  Pylon  
  20  2:14  Pylon  
  20  2:21  Probe (Chrono Boost)  
  21  2:32  Photon Cannon  
  22  2:50  Photon Cannon  
  22  2:57  Photon Cannon  
  21  3:13  Photon Cannon  
  21  3:20  Pylon  
  21  3:22  Probe (Chrono Boost)  
  22  3:30  Probe (Chrono Boost)  
  23  3:41  Probe (Chrono Boost)  
  24  3:43  Cybernetics Core  
  24  3:46  Probe (Chrono Boost)  
  25  3:51  Probe (Chrono Boost)  
  25  4:10  Probe (Chrono Boost)  
  25  4:11  Probe (Chrono Boost)  
  27  4:20  Assimilator  
  27  4:21  Probe (Chrono Boost)  
  27  4:22  Probe (Chrono Boost)  
  29  4:24  Assimilator, Pylon  
  29  4:32  Probe (Chrono Boost), Mothership Core (Chrono Boost)  
  32  4:43  Probe (Chrono Boost)  
  33  4:50  Probe (Chrono Boost)  
  34  4:54  Probe (Chrono Boost)  
  35  5:00  Probe (Chrono Boost)  
  35  5:01  Stargate x2  
  35  5:04  Probe (Chrono Boost)  
  35  5:06  Stargate  
  37  5:11  Stalker  
  39  5:16  Pylon  
  39  5:26  Pylon  
  39  5:32  Photon Cannon  
  39  5:39  Probe (Chrono Boost)  
  40  5:49  Probe (Chrono Boost)  
  41  5:55  Oracle  
  41  5:56  Oracle x2  
  50  6:09  Probe (Chrono Boost)  
  51  6:13  Stargate  
  51  6:19  Probe (Chrono Boost)  
  52  6:30  Probe (Chrono Boost)  
  52  6:31  Oracle x3  
  52  6:32  Photon Cannon  
  62  6:34  Pylon  
  62  6:42  Photon Cannon  
  62  6:49  Probe (Chrono Boost)  
  63  7:00  Probe (Chrono Boost)  
  67  7:04  Phoenix  
  67  7:07  Oracle, Phoenix  
  71  7:14  Pylon  
  71  7:16  Phoenix  
  71  7:29  Phoenix  
  71  7:42  Photon Cannon  
  71  7:43  Photon Cannon  
  66  8:05  Phoenix x2  
  66  8:06  Phoenix  
  72  8:21  Photon Cannon  
  72  8:32  Pylon  
  72  8:36  Pylon  
  72  9:16  Pylon  
  72  9:19  Pylon  
  72  9:25  Pylon  
  72  9:27  Photon Cannon  
  72  9:34  Phoenix, Void Ray  
  72  9:37  Phoenix, Void Ray  
  84  9:50  Photon Cannon  
  84  9:52  Photon Cannon  
  84  9:57  Photon Cannon  
  84  10:02  Phoenix  
  86  10:34  Void Ray  
  86  10:35  Void Ray  
  92  11:44  Void Ray  
  92  11:51  Void Ray  
  82  12:54  Void Ray x3  
  94  13:11  Pylon  
  94  13:13  Pylon  
  94  13:29  Void Ray  
  98  13:37  Void Ray  
  86  13:56  Nexus  
  86  13:57  Pylon  
  86  14:21  Void Ray  
  90  14:34  Forge  
  90  14:55  Pylon  
  90  14:56  Gateway  
  90  14:58  Gateway  
  90  15:00  Gateway  
  90  15:04  Gateway  
  90  15:14  Photon Cannon  
  90  15:16  Photon Cannon  
  90  15:17  Photon Cannon  
Tags
 
Add a new tag
Caveats
  • Supply blocks, unpowered buildings, or Contaminate may cause inaccurate times.
  • Supply counts are checked every 10 seconds.